 Dungeon Sprint DCSS version 0.29-a0-551-gffc1d7fb78 (webtiles) character file.

Game seed: 13032214927077060131

1649 mhtbhm the Martial Artist (level 8, -1/46 HPs)
             Began as a Spriggan Transmuter on June 5, 2022.
             Was an Initiate of Gozag.
             Hit by a large rock thrown by a cyclops (7 damage)
             ... in the Dungeon (Sprint IX: "|||||||||||||||||||||||||||||").
             The game lasted 00:01:42 (403 turns).

mhtbhm the Martial Artist (Spriggan Transmuter)      Turns: 403, Time: 00:01:43

Health: -1/46      AC: 10    Str:  8    XL:     8   Next: 67%
Magic:  18/22      EV: 14    Int: 17    God:    Gozag
Gold:   423        SH:  0    Dex: 16    Spells: 16/26 levels left

rFire   x . .      SeeInvis +     - Unarmed
rCold   + + +      Faith    .   (shield currently unavailable)
rNeg    . . .      Spirit   .   (body armour currently unavailable)
rPois   +          Reflect  .   (helmet currently unavailable)
rElec   .          Harm     .   (cloak currently unavailable)
rCorr   .          Rampage  .   (gloves unavailable)
Will    +....      NoTele   +   (boots unavailable)
Stlth   +++.......              (no amulet)
HPRegen 0.15/turn               m - +3 ring of intelligence
MPRegen 0.18/turn               n - +2 ring of protection

@: ice-form, wereblooded (expiring), gold aura, invisible
A: freezing attack, amphibious, boosted hp, large, no large weapons, unfitting
armour, see invisible, (speed 3)
a: End Transformation, Renounce Religion, Potion Petition, Call Merchant, Bribe
Branch


You were in the Dungeon.
You worshipped Gozag.
Gozag was aware of your devotion.
You were a creature of crystalline ice.
You visited 1 branch You collected 423 gold pieces.

Inventory:

Armour
 a - a +0 robe (melded)
 k - a +0 barding
 l - a +0 cloak (melded)
Jewellery
 m - a +3 ring of intelligence (left front paw)
 n - a +2 ring of protection (right front paw)
Wands
 j - a wand of iceblast (4)
Scrolls
 h - a scroll of blinking
 i - 2 scrolls of amnesia
Potions
 b - a potion of lignification
 c - 5 potions of curing
 e - a potion of haste
 f - 4 potions of magic


   Skills:
 + Level 2.0 Fighting
 + Level 9.3 Dodging
 + Level 4.0 Stealth
 + Level 11.8 Unarmed Combat
 + Level 9.6 Spellcasting
 + Level 11.4 Transmutations
 + Level 1.3 Ice Magic
 + Level 1.1 Evocations


You had 16 spell levels left.
You knew the following spells:

 Your Spells              Type           Power      Damage    Failure   Level
a - Beastly Appendage     Tmut           92%        N/A       1%          1
b - Wereblood             Tmut           46%        N/A       1%          2
c - Spider Form           Tmut/Pois      27%        N/A       2%          3
d - Ice Form              Ice/Tmut       29%        N/A       6%          4

Your spell library contained the following spells:

 Spells                   Type           Power      Damage    Failure   Level


Dungeon Overview and Level Annotations

Branches:
Dungeon (1/1)

Altars:
Cheibriados
Dithmenos
Elyvilon
Fedhas
Gozag
Hepliaklqana
Kikubaaqudgha
Makhleb
Nemelex Xobeh
Okawaru
Qazlal
Ru
Sif Muna
Trog
Uskayaw
Vehumet
Wu Jian
Xom
Yredelemnul
Zin
The Shining One
Beogh
Jiyva
Lugonu


Innate Abilities, Weirdness & Mutations

You are a creature of crystalline ice.
You have a powerful freezing melee attack.
You are amphibious.
Your maximum health is increased.
Your armour is entirely melded.
You are incapable of wielding weapons or throwing items.
You are very small and have problems with some larger weapons.
You are too small for most types of armour.
You have supernaturally acute eyesight. (SInv)
((You cover ground extremely quickly. (Speed+++)))


Message History

Unknown command.
There is an open door to the Dungeon here.
Things that are here:
a +4 battleaxe; a +0 robe
Aiming: Iceblast
Press: ? - help, Shift-Dir - straight line, f/p - basilisk
Aim: a basilisk (heavily wounded, wandering, can't see you, hasn't noticed you)
The mass of ice explodes!
The iceblast engulfs the basilisk!
The basilisk is almost dead.
You howl as the wereblood boils in your veins!
The cyclops is distracted by your dazzling golden aura.
Unknown command.
Unknown command.
Aiming: Iceblast
Press: ? - help, Shift-Dir - straight line, f/p - basilisk
Aim: a basilisk (almost dead, wandering, can't see you, hasn't noticed you)
The mass of ice explodes!
The iceblast engulfs the basilisk!
You kill the basilisk!
The iceblast engulfs the cyclops.
The cyclops is lightly wounded.
The cyclops is no longer distracted by gold.
The cyclops shouts!
You howl as the wereblood boils in your veins!
Your primal bloodlust is almost over.
Your Stealth skill increases to level 4!
Your Evocations skill increases to level 1!
Unknown command.
Unknown command.
Aiming: Iceblast
Press: ? - help, Shift-Dir - straight line, f - cyclops
Aim: a cyclops, quivering large rocks (lightly wounded, can't see you)
The mass of ice explodes!
The iceblast engulfs the cyclops!
The cyclops is heavily wounded.
The iceblast engulfs the manticore!
The manticore is moderately wounded.
Unknown command.
Unknown command.
The cyclops throws a large rock.
The large rock hits you!
You die...
Your body crumbles into a pile of gold.

▓▓▓▓▓▓▓▓▓▓▓▓▓▓▓▓▓▓▓▓▓▓▓▓▓▓▓▓▓▓
+R☼RH.$°☼RHC.Y)..[...)..'_____
▓▓▓▓▓▓▓▓▓▓▓▓▓▓▓▓▓▓▓▓▓▓▓▓▓▓▓▓▓▓
$ $$$


$$$$$ $ $ $ $$$$$ $$$$ You could see a manticore (wandering, can't see you), a
cyclops (can't see you) and an efreet (can't see you).

Vanquished Creatures
  A two-headed ogre (D)
  2 shadows (D)
  A yak (D)
  2 basilisks (D)
  A vampire mosquito (D)
  A phantom (D)
  A wight (D)
  A hound (D)
  An orc priest (D)
  An iguana (D)
  A worm (D)
  An orc (D)
  A ball python (D)
  An endoplasm (D)
  A hobgoblin (D)
  A quokka (D)
  A rat (D)
19 creatures vanquished.

Notes
Turn   | Place    | Note
-------+----------+-------------------------------------------
     0 | D        | mhtbhm the Spriggan Transmuter began the quest for the Orb.
     0 | D        | Reached XP level 1. HP: 9/9 MP: 5/5
   110 | D        | Noticed a hound
   110 | D        | Noticed an iguana
   110 | D        | Noticed a phantom
   116 | D        | Killed a phantom
   117 | D        | Reached skill level 5 in Dodging
   117 | D        | Reached skill level 5 in Unarmed Combat
   117 | D        | Reached XP level 2. HP: 14/14 MP: 4/8
   117 | D        | Reached XP level 3. HP: 17/17 MP: 5/10
   117 | D        | Reached XP level 4. HP: 21/21 MP: 5/11
   122 | D        | Reached skill level 5 in Transmutations
   123 | D        | Reached skill level 5 in Spellcasting
   123 | D        | Reached XP level 5. HP: 25/25 MP: 6/13
   131 | D        | Found a snail-covered altar of Cheibriados.
   131 | D        | Found a shadowy altar of Dithmenos.
   131 | D        | Found a white marble altar of Elyvilon.
   131 | D        | Found a blossoming altar of Fedhas.
   131 | D        | Found an opulent altar of Gozag.
   132 | D        | Found a hazy altar of Hepliaklqana.
   133 | D        | Found a viscous altar of Jiyva.
   134 | D        | Found an ancient bone altar of Kikubaaqudgha.
   135 | D        | Found a corrupted altar of Lugonu.
   136 | D        | Found a burning altar of Makhleb.
   137 | D        | Found a sparkling altar of Nemelex Xobeh.
   138 | D        | Found an iron altar of Okawaru.
   139 | D        | Found a stormy altar of Qazlal.
   140 | D        | Found a sacrificial altar of Ru.
   141 | D        | Found a shimmering blue altar of Sif Muna.
   145 | D        | Became a worshipper of Gozag Ym Sagoz the Greedy
   149 | D        | Learned a level 2 spell: Wereblood
   153 | D        | Learned a level 3 spell: Spider Form
   158 | D        | Learned a level 4 spell: Ice Form
   161 | D        | Found a bloodstained altar of Trog.
   162 | D        | Found a hide-covered altar of Uskayaw.
   163 | D        | Found a radiant altar of Vehumet.
   164 | D        | Found an ornate altar of the Wu Jian Council.
   165 | D        | Found a shimmering altar of Xom.
   166 | D        | Found a basalt altar of Yredelemnul.
   182 | D        | Found a glowing silver altar of Zin.
   183 | D        | Found a glowing golden altar of the Shining One.
   220 | D        | Noticed a shadow
   220 | D        | Noticed a vampire mosquito
   220 | D        | Noticed a shadow
   220 | D        | Noticed a yak
   226 | D        | HP: 1/30 [yak (13)]
   227 | D        | Killed a yak
   228 | D        | Reached skill level 1 in Fighting
   228 | D        | Reached XP level 6. HP: 5/30 MP: 8/16
   234 | D        | Killed a shadow
   235 | D        | Reached skill level 1 in Stealth
   241 | D        | Killed a vampire mosquito
   242 | D        | Reached XP level 7. HP: 23/33 MP: 11/19
   246 | D        | Killed a shadow
   247 | D        | Reached skill level 10 in Unarmed Combat
   378 | D        | Noticed an efreet
   378 | D        | Noticed a manticore
   378 | D        | Noticed a cyclops
   378 | D        | Noticed a basilisk
   378 | D        | Noticed a two-headed ogre
   378 | D        | Noticed a basilisk
   382 | D        | Killed a basilisk
   383 | D        | Reached skill level 10 in Transmutations
   396 | D        | Killed a two-headed ogre
   397 | D        | Reached skill level 1 in Ice Magic
   397 | D        | Reached XP level 8. HP: 5/39 MP: 17/22
   402 | D        | Reached skill level 1 in Evocations
   403 | D        | Hit by a large rock thrown by a cyclops

Illustrated notes

Levels and vault maps discovered:
D:        linesprint [early_d, line_temple, items_1, d_10, items_2, lair_1,
          lair_end, items_3, orc_1, orc_end, items_4, d_15, swamp_1, shoals_1,
          snake_1, spider_1, d_20, vaults_1, items_5, swamp_end, shoals_end,
          snake_end, spider_end, vaults_end, d_27, items_6, zot_1, zot_end,
          crypt_end, forest_end, elf_end, slime_end, tomb_end, abyss_end,
          pan_hell_end]

Skill      XL: |  1  2  3  4  5  6  7  8 |
---------------+-------------------------+-----
Dodging        | 5 6 7 8 9 |  9.3
Unarmed Combat | 5 6 8 9 11 | 11.8
Spellcasting   | 4 5 6 7 9 |  9.6
Transmutations | 4 5 7 9 11 | 11.4
Fighting       | 1 2 |  2.0
Stealth        | 2 3 4 |  4.0
Ice Magic      | 1 |  1.3
Evocations     | 1 |  1.1

Action                   |  1- 3 |  4- 6 |  7- 9 || total
-------------------------+-------+-------+-------++-------
Melee: Unarmed           |    21 |    25 |    11 ||    57
       Kick              |     4 |     4 |       ||     8
       Headbutt          |     1 |     2 |       ||     3
 Cast: Beastly Appendage |     2 |       |       ||     2
       Ice Form          |       |     1 |     1 ||     2
       Wereblood         |       |     1 |     1 ||     2
Evoke: Wand              |       |       |     6 ||     6
  Use: Potion            |     1 |     1 |     3 ||     5
       Scroll            |       |       |     1 ||     1
 Stab: Distracted        |       |     1 |       ||     1
Armor: Skin              |       |     1 |       ||     1
Dodge: Dodged            |    15 |     3 |    10 ||    28

Table legend: (Time is in decaauts)
 A = Elapsed time spent in this place.
 B = Non-inter-level travel time spent in this place.
 C = Inter-level travel time spent in this place.
 D = Time resting spent in this place.
 E = Time spent auto-exploring this place.
 F = Levels seen in this place.
 G = Mean time per level.
                   A        B        C        D        E       F      G
               +--------+--------+--------+--------+--------+-----+--------+
         Total |    373 |    373 |      0 |    205 |      1 |   1 |  373.0 |
       Dungeon |    373 |    373 |      0 |    205 |      1 |   1 |  373.0 |
               +--------+--------+--------+--------+--------+-----+--------+

Top non-repeatable levels by time:
       D: 373 daAuts
